| TOP OF THE 1ST |
|
Iowa Oaks batting - Pitching for Evansville Triplets : RHP Chris Codiroli
|
|
Pitching: RHP Chris Codiroli
|
|
|
Batting: LHB Gary Jones
|
0-0: Foul Ball, location: 2F 0-1: Ball 1-1: Swinging Strike 1-2: TRIPLE (Flyball, 89XD, EV 92.5 MPH)
|
|
Batting: RHB Mark Benson
|
0-0: Called Strike 0-1: Called Strike 0-2: Ball 1-2: Strikes out swinging
|
|
Batting: SHB Rod Craig
|
0-0: Called Strike 0-1: Ball 1-1: Called Strike 1-2: Ball 2-2: Foul Ball, location: 2F 2-2: Ball 3-2: Base on Balls
|
|
Batting: LHB Donald Johnson
|
0-0: Swinging Strike 0-1: Ball 1-1: Swinging Strike 1-2: Foul Ball, location: 2F 1-2: Fly out, F9 (Flyball, 9D, EV 84.4 MPH) Runner from 3rd tags up, SCORES, throw by RF
|
|
Batting: RHB Dave F Schmidt
|
0-0: Ball 1-0: Foul Ball, location: 2F 1-1: Foul Ball, location: 2F 1-2: Ball 2-2: Ball 3-2: SINGLE (Groundball, 25, EV 70.0 MPH) (infield hit) Rod Craig to second
|
|
Batting: RHB Edgar Flores
|
0-0: Called Strike 0-1: Called Strike Rod Craig steals 3rd base 0-2: SINGLE (Line Drive, 9S, EV 98.1 MPH) Rod Craig scores Dave F Schmidt to second Runner from 2nd tries for 3rd, SAFE, throw by RF made to third
|
|
Batting: SHB Michael Pace
|
0-0: Ball 1-0: Foul Ball, location: 2F 1-1: Ground out 4-3 (Groundball, 34, EV 105.0 MPH)
|
| Top of the 1st over - 2 runs, 3 hits, 0 errors, 2 left on base; Iowa 2 - Evansville 0 |
| BOTTOM OF THE 1ST |
|
Evansville Triplets batting - Pitching for Iowa Oaks : RHP Robert Almeraz
|
|
Pitching: RHP Robert Almeraz
|
|
|
Batting: LHB Greg Gross
|
0-0: Called Strike 0-1: Foul Ball, location: 2F 0-2: Ball 1-2: Fly out, F5 (Line Drive, 5, EV 62.5 MPH)
|
|
Batting: RHB Cory Mihalic
|
0-0: Ball 1-0: Ball 2-0: Fly out, F8 (Line Drive, 8RD, EV 93.1 MPH)
|
|
Batting: LHB Lloyd Moseby
|
0-0: Foul Ball, location: 2F 0-1: Swinging Strike 0-2: Foul Ball, location: 2F 0-2: Ball 1-2: Ball 2-2: Ball 3-2: Foul Ball, location: 2F 3-2: Strikes out looking
|
| Bottom of the 1st over - 0 runs, 0 hits, 0 errors, 0 left on base; Iowa 2 - Evansville 0 |
| TOP OF THE 2ND |
|
Iowa Oaks batting - Pitching for Evansville Triplets : RHP Chris Codiroli
|
|
Batting: RHB Jordan Arredondo
|
0-0: Called Strike 0-1: Ball 1-1: Foul Ball, location: 2F 1-2: Ground out 6-3 (Groundball, 6, EV 85.6 MPH)
|
|
Batting: LHB Wayne Krenchicki
|
0-0: Fly out, F4 (Line Drive, 4, EV 66.3 MPH)
|
|
Batting: LHB Gary Jones
|
0-0: Ball 1-0: Ball 2-0: Ball 3-0: Base on Balls
|
|
Batting: RHB Mark Benson
|
0-0: Called Strike 0-1: Called Strike 0-2: Fly out, F8 (Line Drive, 8RD, EV 99.4 MPH)
|
| Top of the 2nd over - 0 runs, 0 hits, 0 errors, 1 left on base; Iowa 2 - Evansville 0 |
| BOTTOM OF THE 2ND |
|
Evansville Triplets batting - Pitching for Iowa Oaks : RHP Robert Almeraz
|
|
Batting: RHB Ron Kittle
|
0-0: Ground out 6-3 (Groundball, 6, EV 100.0 MPH)
|
|
Batting: SHB Mickey Tettleton
|
0-0: Called Strike 0-1: Ball 1-1: Ball 2-1: Called Strike 2-2: Ball 3-2: SOLO HOME RUN (Flyball, 89XD, EV 96.9 MPH), Distance : 435 ft
|
|
Batting: RHB Mike Allen
|
0-0: Ball 1-0: Ground out 4-3 (Groundball, 4, EV 85.0 MPH)
|
|
Batting: LHB Luis Alfaro
|
0-0: Ball 1-0: Ball 2-0: Called Strike 2-1: Fly out, F4 (Flyball, 34D, EV 85.6 MPH)
|
| Bottom of the 2nd over - 1 run, 1 hit, 0 errors, 0 left on base; Iowa 2 - Evansville 1 |
| TOP OF THE 3RD |
|
Iowa Oaks batting - Pitching for Evansville Triplets : RHP Chris Codiroli
|
|
Batting: SHB Rod Craig
|
0-0: Ball 1-0: Ball 2-0: Foul Ball, location: 2F 2-1: SINGLE (Groundball, 4MS, EV 76.3 MPH) (infield hit)
|
|
Batting: LHB Donald Johnson
|
0-0: Ball 1-0: Ball 2-0: Foul Ball, location: 2F 2-1: Ball 3-1: SINGLE (Groundball, 6MD, EV 100.0 MPH) Rod Craig to second Runner from 2nd tries for 3rd, SAFE, throw by CF made to third
|
|
Batting: RHB Dave F Schmidt
|
0-0: Foul Ball, location: 2F 0-1: Foul Ball, location: 2F 0-2: Hit by Pitch Donald Johnson to second
|
|
Pinch Runner at 1st Ronald Evans:
|
|
|
Batting: RHB Edgar Flores
|
0-0: Ball 1-0: Called Strike 1-1: Called Strike 1-2: Foul Ball, location: 2F 1-2: Ball 2-2: GRAND SLAM HOME RUN (Flyball, 7LD, EV 92.5 MPH), Distance : 351 ft
|
|
Pitching: RHP Victor Bernal
|
|
|
Batting: SHB Michael Pace
|
0-0: Fly out, F3 (Popup, 3F, EV 78.8 MPH)
|
|
Batting: RHB Jordan Arredondo
|
0-0: Ball 1-0: Swinging Strike 1-1: Ball 2-1: Ball 3-1: Base on Balls
|
|
Batting: LHB Wayne Krenchicki
|
0-0: Foul Ball, location: 2F 0-1: Swinging Strike 0-2: Ground out 4-3 (Groundball, 34, EV 101.9 MPH) Jordan Arredondo to second
|
|
Batting: LHB Gary Jones
|
0-0: Ball 1-0: Ball 2-0: Foul Ball, location: 2F 2-1: Foul Ball, location: 2F 2-2: Strikes out swinging
|
| Top of the 3rd over - 4 runs, 3 hits, 0 errors, 1 left on base; Iowa 6 - Evansville 1 |
| BOTTOM OF THE 3RD |
|
Evansville Triplets batting - Pitching for Iowa Oaks : RHP Robert Almeraz
|
|
Now at C: Thomas Vessey
|
|
|
Batting: RHB Jaden Smith
|
0-0: Fly out, F7 (Line Drive, 7, EV 91.3 MPH)
|
|
Batting: RHB Ed Jurak
|
0-0: Called Strike 0-1: Ball 1-1: Ball 2-1: Ball 3-1: SINGLE (Groundball, 56D, EV 83.1 MPH) (infield hit)
|
|
Batting: LHB Greg Gross
|
0-0: Ball 1-0: Fly out, F8 (Line Drive, 8RD, EV 99.4 MPH)
|
|
Batting: RHB Cory Mihalic
|
0-0: Ball 1-0: Foul Ball, location: 2F 1-1: Ball 2-1: Called Strike 2-2: Foul Ball, location: 2F 2-2: Ground out 5-3 (Groundball, 5S, EV 71.3 MPH)
|
| Bottom of the 3rd over - 0 runs, 1 hit, 0 errors, 1 left on base; Iowa 6 - Evansville 1 |
| TOP OF THE 4TH |
|
Iowa Oaks batting - Pitching for Evansville Triplets : RHP Victor Bernal
|
|
Batting: RHB Mark Benson
|
0-0: Swinging Strike 0-1: Ball 1-1: Ball 2-1: Ground out 5-3 (Groundball, 56S, EV 70.0 MPH)
|
|
Batting: SHB Rod Craig
|
0-0: Foul Ball, location: 2F 0-1: Called Strike 0-2: Ball 1-2: Ball 2-2: Ball 3-2: Base on Balls
|
|
Batting: LHB Donald Johnson
|
0-0: Ball 1-0: Called Strike 1-1: Ball 2-1: Ball 3-1: Called Strike 3-2: Grounds into double play, 4-6-3 (Groundball, 4, EV 101.9 MPH)
|
| Top of the 4th over - 0 runs, 0 hits, 0 errors, 0 left on base; Iowa 6 - Evansville 1 |
| BOTTOM OF THE 4TH |
|
Evansville Triplets batting - Pitching for Iowa Oaks : RHP Robert Almeraz
|
|
Batting: LHB Lloyd Moseby
|
0-0: Foul Ball, location: 2F 0-1: Ball 1-1: Ground out 5-3 (Groundball, 56, EV 81.3 MPH)
|
|
Batting: RHB Ron Kittle
|
0-0: Ball 1-0: Called Strike 1-1: Ball 2-1: DOUBLE (Flyball, 78XD, EV 113.1 MPH)
|
|
Batting: SHB Mickey Tettleton
|
0-0: Foul Ball, location: 2F 0-1: Called Strike 0-2: 2-RUN HOME RUN (Flyball, 8LXD, EV 109.4 MPH), Distance : 435 ft
|
|
Batting: RHB Mike Allen
|
0-0: Ground out 4-3 (Groundball, 4S, EV 81.9 MPH)
|
|
Batting: LHB Luis Alfaro
|
0-0: Ball 1-0: Swinging Strike 1-1: Foul Ball, location: 2F 1-2: Ball 2-2: Strikes out swinging
|
| Bottom of the 4th over - 2 runs, 2 hits, 0 errors, 0 left on base; Iowa 6 - Evansville 3 |
| TOP OF THE 5TH |
|
Iowa Oaks batting - Pitching for Evansville Triplets : RHP Victor Bernal
|
|
Batting: RHB Thomas Vessey
|
0-0: Called Strike 0-1: Ball 1-1: Ground out 6-3 (Groundball, P, EV 93.8 MPH)
|
|
Batting: RHB Edgar Flores
|
0-0: Called Strike 0-1: Ball 1-1: Called Strike 1-2: Fly out, F8 (Flyball, 8LM, EV 75.6 MPH)
|
|
Batting: SHB Michael Pace
|
0-0: Called Strike 0-1: Ball 1-1: Foul Ball, location: 2F 1-2: Foul Ball, location: 2F 1-2: Foul Ball, location: 2F 1-2: SINGLE (Groundball, 34D, EV 94.4 MPH)
|
|
Batting: RHB Jordan Arredondo
|
0-0: Ball 1-0: Ball 2-0: Called Strike 2-1: Foul Ball, location: 2F 2-2: Ground out 4-3 (Groundball, 4M, EV 101.9 MPH)
|
| Top of the 5th over - 0 runs, 1 hit, 0 errors, 1 left on base; Iowa 6 - Evansville 3 |
| BOTTOM OF THE 5TH |
|
Evansville Triplets batting - Pitching for Iowa Oaks : RHP Robert Almeraz
|
|
Batting: RHB Jaden Smith
|
0-0: DOUBLE (Flyball, 89XD, EV 102.5 MPH) - OUT at third base trying to stretch hit.
|
|
Batting: RHB Ed Jurak
|
0-0: Foul Ball, location: 2F 0-1: Ball 1-1: Ground out 4-3 (Groundball, 34, EV 82.5 MPH)
|
|
Batting: LHB Greg Gross
|
0-0: Ball 1-0: Called Strike 1-1: Foul Ball, location: 2F 1-2: Ground out 3-1 (Groundball, 34, EV 80.0 MPH)
|
| Bottom of the 5th over - 0 runs, 1 hit, 0 errors, 0 left on base; Iowa 6 - Evansville 3 |
| TOP OF THE 6TH |
|
Iowa Oaks batting - Pitching for Evansville Triplets : RHP Victor Bernal
|
|
Pitching: RHP Steve Mura
|
|
|
Batting: LHB Wayne Krenchicki
|
0-0: Ball 1-0: Ball 2-0: Ground out 6-3 (Groundball, 6, EV 87.5 MPH)
|
|
Batting: LHB Gary Jones
|
0-0: Called Strike 0-1: Foul Ball, location: 2F 0-2: Ground out 1-3 (Groundball, 34S, EV 66.9 MPH)
|
|
Batting: RHB Mark Benson
|
0-0: Called Strike 0-1: Called Strike 0-2: Strikes out swinging
|
| Top of the 6th over - 0 runs, 0 hits, 0 errors, 0 left on base; Iowa 6 - Evansville 3 |
| BOTTOM OF THE 6TH |
|
Evansville Triplets batting - Pitching for Iowa Oaks : RHP Robert Almeraz
|
|
Batting: RHB Cory Mihalic
|
0-0: Ball 1-0: Foul Ball, location: 2F 1-1: Fly out, F6 (Popup, 6MS, EV 62.5 MPH)
|
|
Batting: LHB Lloyd Moseby
|
0-0: Ball 1-0: Swinging Strike 1-1: Fly out, F7 (Flyball, 7S, EV 91.9 MPH)
|
|
Batting: RHB Ron Kittle
|
0-0: Ground out 3-1 (Groundball, 13, EV 81.9 MPH)
|
| Bottom of the 6th over - 0 runs, 0 hits, 0 errors, 0 left on base; Iowa 6 - Evansville 3 |
| TOP OF THE 7TH |
|
Iowa Oaks batting - Pitching for Evansville Triplets : RHP Steve Mura
|
|
Batting: SHB Rod Craig
|
0-0: Ball 1-0: Swinging Strike 1-1: SINGLE (Line Drive, 8RS, EV 95.0 MPH)
|
|
Batting: LHB Donald Johnson
|
0-0: Foul Ball, location: 2F 0-1: Called Strike 0-2: Ball 1-2: Ball 2-2: SINGLE (Groundball, 4MD, EV 98.8 MPH) Rod Craig to second Rod Craig to third
|
|
Batting: RHB Thomas Vessey
|
0-0: Swinging Strike 0-1: Ball 1-1: Ball 2-1: Fly out, F7 (Flyball, 7D, EV 103.1 MPH) Runner from 3rd tags up, SCORES, throw by LF
|
|
Batting: RHB Edgar Flores
|
0-0: Ball 1-0: Called Strike 1-1: Foul Ball, location: 2F 1-2: Ball 2-2: Ground out 5-3 (Groundball, 5D, EV 98.1 MPH) Donald Johnson to second
|
|
Batting: SHB Michael Pace
|
0-0: Called Strike 0-1: Ball 1-1: Swinging Strike 1-2: Strikes out looking
|
| Top of the 7th over - 1 run, 2 hits, 0 errors, 1 left on base; Iowa 7 - Evansville 3 |
| BOTTOM OF THE 7TH |
|
Evansville Triplets batting - Pitching for Iowa Oaks : RHP Robert Almeraz
|
|
Batting: SHB Mickey Tettleton
|
0-0: Foul Ball, location: 2F 0-1: Ball 1-1: Called Strike 1-2: Fly out, F7 (Flyball, 78D, EV 98.1 MPH)
|
|
Batting: RHB Mike Allen
|
0-0: Ball 1-0: Ball 2-0: SINGLE (Line Drive, 8RS, EV 101.3 MPH)
|
|
Batting: LHB Luis Alfaro
|
0-0: Ball 1-0: Foul Ball, location: 2F 1-1: SINGLE (Line Drive, 34D, EV 108.8 MPH) Mike Allen to second Runner from 2nd tries for 3rd, OUT! 9-5
|
|
Batting: RHB Jaden Smith
|
0-0: Called Strike 0-1: Ball 1-1: Fly out, F9 (Flyball, 9LM, EV 79.4 MPH)
|
| Bottom of the 7th over - 0 runs, 2 hits, 0 errors, 1 left on base; Iowa 7 - Evansville 3 |
| TOP OF THE 8TH |
|
Iowa Oaks batting - Pitching for Evansville Triplets : RHP Steve Mura
|
|
Batting: RHB Jordan Arredondo
|
0-0: Ball 1-0: Foul Ball, location: 2F 1-1: SINGLE (Line Drive, 56, EV 94.4 MPH)
|
|
Batting: LHB Wayne Krenchicki
|
0-0: Foul Ball, location: 2F 0-1: Ball 1-1: Ball 2-1: Ball 3-1: Foul Ball, location: 2F 3-2: Fielders Choice at 2nd, 4-6 (Groundball, 4D, EV 110.0 MPH)
|
|
Pitching: LHP Paul Mirabella
|
|
|
Batting: LHB Gary Jones
|
0-0: Ball 1-0: DOUBLE (Flyball, 8RD, EV 99.4 MPH) Wayne Krenchicki to third Runner from 3rd tries for Home, SAFE, throw by CF to home
|
|
Batting: RHB Mark Benson
|
0-0: Ball 1-0: Ball 2-0: Ground out 6-3 (Groundball, P, EV 78.1 MPH) Gary Jones to third
|
|
Batting: SHB Rod Craig
|
0-0: Called Strike 0-1: Ball 1-1: Ball 2-1: Ball 3-1: Ground out 5-3 (Groundball, 56, EV 86.3 MPH)
|
| Top of the 8th over - 1 run, 2 hits, 0 errors, 1 left on base; Iowa 8 - Evansville 3 |
| BOTTOM OF THE 8TH |
|
Evansville Triplets batting - Pitching for Iowa Oaks : RHP Robert Almeraz
|
|
Batting: RHB Ed Jurak
|
0-0: Ball 1-0: Foul Ball, location: 2F 1-1: Foul Ball, location: 2F 1-2: Ball 2-2: Foul Ball, location: 2F 2-2: SINGLE (Groundball, 56D, EV 95.0 MPH)
|
|
Batting: LHB Greg Gross
|
0-0: Ball 1-0: Foul Ball, location: 2F 1-1: Fly out, F3 (Popup, 34S, EV 88.1 MPH)
|
|
Batting: RHB Cory Mihalic
|
0-0: Fly out, F6 (Popup, 6MS, EV 64.4 MPH)
|
|
Batting: LHB Lloyd Moseby
|
0-0: Called Strike 0-1: Foul Ball, location: 2F 0-2: Ball 1-2: Ball 2-2: DOUBLE (Line Drive, 89M, EV 107.5 MPH) Ed Jurak to third Runner from 3rd tries for Home, SAFE, no throw by RF
|
|
Batting: RHB Ron Kittle
|
0-0: Ball 1-0: Called Strike 1-1: Foul Ball, location: 2F 1-2: Fly out, F9 (Flyball, 9S, EV 91.9 MPH)
|
| Bottom of the 8th over - 1 run, 2 hits, 0 errors, 1 left on base; Iowa 8 - Evansville 4 |
| TOP OF THE 9TH |
|
Iowa Oaks batting - Pitching for Evansville Triplets : LHP Paul Mirabella
|
|
Pitching: LHP Randy Niemann
|
|
|
Batting: LHB Donald Johnson
|
0-0: Called Strike 0-1: Swinging Strike 0-2: Strikes out swinging
|
|
Batting: RHB Thomas Vessey
|
0-0: Ball 1-0: Ball 2-0: Foul Ball, location: 2F 2-1: Foul Ball, location: 2F 2-2: Foul Ball, location: 2F 2-2: Foul Ball, location: 2F 2-2: Strikes out swinging, 2-3 out at first.
|
|
Batting: RHB Edgar Flores
|
0-0: Ball 1-0: Swinging Strike 1-1: Fly out, F8 (Flyball, 89D, EV 107.5 MPH)
|
| Top of the 9th over - 0 runs, 0 hits, 0 errors, 0 left on base; Iowa 8 - Evansville 4 |
| BOTTOM OF THE 9TH |
|
Evansville Triplets batting - Pitching for Iowa Oaks : RHP Robert Almeraz
|
|
Pitching: RHP DeWayne Buice
|
|
|
Batting: SHB Mickey Tettleton
|
0-0: Ball 1-0: Ball 2-0: Ball 3-0: Base on Balls
|
|
Batting: RHB Mike Allen
|
0-0: Swinging Strike Mickey Tettleton steals 2nd base 0-1: Foul Ball, location: 2F 0-2: Ball 1-2: Ball 2-2: Strikes out swinging
|
|
Batting: LHB Luis Alfaro
|
0-0: Ball 1-0: Swinging Strike 1-1: Ball 2-1: Foul Ball, location: 2F 2-2: Ground out 6-3 (Groundball, 6M, EV 88.8 MPH) Mickey Tettleton to third
|
|
Batting: RHB Jaden Smith
|
0-0: Ball 1-0: Ball 2-0: DOUBLE (Line Drive, 78XD, EV 105.0 MPH) Mickey Tettleton scores
|
|
Batting: RHB Ed Jurak
|
0-0: Swinging Strike 0-1: Swinging Strike 0-2: Ball 1-2: Strikes out swinging
|
| Bottom of the 9th over - 1 run, 1 hit, 0 errors, 1 left on base; Iowa 8 - Evansville 5 |
|